Map: Blackpink LE

Players

NORTHAMERICA - Winner!

  • Race: Protoss Protoss
  • League: Grandmaster
  • Spawn Location: 1:00

MMA

  • Race: Terran Terran
  • League: Master
  • Spawn Location: 7:00

VOD

Have the link to the VOD?

Description

Time

  • Played on: Feb. 20, 2018, 5:36 a.m.
  • Length: 13:36
Show
View Real Time Build Order
Export as new Build Order

NORTHAMERICA Protoss - Winner!

Build Orders: 1 Gate Expand, Colossus Rush 

Get SALT Encoding   

  12  0:01  Probe  
  13  0:13  Probe  
  14  0:18  Pylon  
  14  0:25  Probe  
  15  0:37  Probe (Chrono Boost)  
  15  0:38  Gateway  
  16  0:48  Assimilator, Probe (Chrono Boost)  
  17  0:53  Probe (Chrono Boost)  
  18  1:03  Probe  
  19  1:15  Probe  
  20  1:27  Nexus  
  20  1:35  Cybernetics Core  
  21  1:40  Probe  
  21  1:43  Assimilator  
  21  1:52  Probe  
  22  1:57  Pylon  
  22  2:04  Probe  
  23  2:12  Stalker (Chrono Boost)  
  23  2:14  Warp Gate (Chrono Boost)  
  25  2:16  Probe  
  26  2:28  Probe  
  27  2:35  Robotics Facility  
  27  2:39  Probe (Chrono Boost)  
  29  2:44  Probe (Chrono Boost)  
  29  2:51  Probe (Chrono Boost)  
  30  2:54  Stalker  
  30  2:55  Probe (Chrono Boost)  
  30  2:56  Probe (Chrono Boost)  
  34  3:04  Probe  
  35  3:06  Probe  
  36  3:14  Gateway  
  36  3:16  Gateway, Probe  
  37  3:20  Shield Battery  
  37  3:23  Observer (Chrono Boost)  
  37  3:25  Probe  
  39  3:28  Pylon  
  39  3:29  Probe  
  40  3:36  Observer (Chrono Boost)  
  40  3:37  Probe  
  40  3:40  Pylon  
  42  3:41  Probe  
  43  3:49  Probe  
  43  3:52  Robotics Bay  
  43  3:53  Probe  
  43  3:55  Assimilator  
  45  3:56  Assimilator, Observer  
  45  3:58  Observer  
  45  4:01  Probe  
  47  4:05  Probe  
  48  4:12  Stalker x2  
  48  4:13  Probe  
  53  4:17  Probe  
  54  4:25  Probe  
  55  4:34  Probe  
  55  4:44  Colossus (Chrono Boost), Probe  
  62  4:55  Nexus  
  62  4:56  Pylon, Extended Thermal Lance (Chrono Boost)  
  62  5:05  Gateway  
  62  5:06  Gateway  
  62  5:10  Pylon  
  62  5:12  Pylon  
  62  5:16  Probe  
  62  5:19  Sentry  
  62  5:20  Pylon  
  65  5:21  Zealot  
  65  5:23  Zealot  
  65  5:28  Colossus (Chrono Boost)  
  69  5:32  Probe  
  76  5:44  Forge  
  76  5:46  Forge  
  76  5:48  Probe  
  77  5:50  Probe  
  77  5:53  Sentry  
  80  5:58  Twilight Council  
  80  6:00  Zealot, Probe  
  80  6:02  Probe  
  84  6:09  Disruptor  
  87  6:12  Probe (Chrono Boost)  
  87  6:13  Protoss Ground Weapons Level 1 (Chrono Boost)  
  87  6:15  Probe (Chrono Boost)  
  90  6:18  Probe (Chrono Boost)  
  90  6:23  Protoss Ground Armor Level 1 (Chrono Boost)  
  90  6:24  Probe (Chrono Boost)  
  92  6:28  Shield Battery, Probe (Chrono Boost)  
  92  6:29  Probe x2 (Chrono Boost)  
  94  6:35  Blink  
  94  6:36  Probe  
  94  6:37  Adept x2  
  94  6:38  Probe x2  
  101  6:47  Assimilator  
  101  6:48  Probe  
  101  6:49  Disruptor (Chrono Boost), Assimilator  
  101  6:50  Probe x2  
  107  7:00  Adept x2  
  109  7:07  Pylon  
  109  7:08  Pylon  
  109  7:13  Probe x2  
  109  7:15  Probe  
  108  7:24  Disruptor  
  108  7:25  Dark Shrine  
  108  7:27  Adept x3  
  117  7:33  Stalker  
  119  7:43  Probe  
  114  7:47  Stalker x3  
  114  7:48  Stalker  
  122  7:56  Nexus  
  122  7:57  Gateway  
  122  7:59  Gateway  
  120  8:06  Disruptor (Chrono Boost)  
  120  8:07  Probe  
  120  8:10  Pylon  
  120  8:11  Adept  
  124  8:18  Pylon  
  124  8:19  Pylon  
  124  8:22  Resonating Glaives  
  124  8:23  Shield Battery  
  124  8:25  Protoss Ground Weapons Level 2 (Chrono Boost), Pylon  
  124  8:30  Adept x2  
  128  8:34  Stalker x2  
  128  8:35  Protoss Ground Armor Level 2 (Chrono Boost)  
  128  8:43  Disruptor (Chrono Boost), Stalker  
  131  8:52  Stalker x2  
  129  9:06  Dark Templar  
  129  9:07  Dark Templar  
  131  9:12  Zealot x2  
  135  9:20  Gateway  
  135  9:21  Pylon  
  131  9:24  Gateway  
  117  9:32  Stalker  
  117  9:33  Stalker x3  
  117  9:35  Disruptor (Chrono Boost), Stalker  
  103  9:47  Stalker x2  
  103  9:49  Probe  
  108  9:59  Dark Templar  
  108  10:00  Stalker x4  
  103  10:24  Assimilator  
  103  10:25  Stalker x4  
  103  10:26  Photon Cannon, Stalker x2, Assimilator  
  115  10:29  Shield Battery  
  115  10:30  Photon Cannon  
  115  10:31  Probe  
  115  10:32  Photon Cannon  
  115  10:35  Disruptor (Chrono Boost)  
  116  10:36  Pylon  
  116  10:42  Adept  
  121  10:52  Stalker x3  
  121  10:54  Robotics Facility, Adept x5  
  132  11:13  Dark Templar  
  132  11:15  Dark Templar  
  132  11:17  Colossus (Chrono Boost)  
  123  11:18  Probe  
  123  11:23  Zealot x5  
  140  11:30  Probe  
  140  11:31  Probe  
  142  11:34  Probe  
  142  11:36  Probe  
  142  11:39  Dark Templar  
  146  11:42  Probe  
  146  11:43  Probe  
  146  11:44  Stalker x2  
  146  11:46  Probe  
  151  11:51  Colossus (Chrono Boost)  
  157  11:58  Probe x2  
  157  12:00  Zealot  
  161  12:06  Colossus (Chrono Boost)  
  164  12:17  Stalker x3  
  170  12:25  Stalker x2  
  154  12:38  Colossus (Chrono Boost)  
  156  12:47  Probe  
  156  12:48  Probe x2  
  154  12:58  Probe  
  158  13:01  Stalker  
  158  13:02  Stalker x2  
  139  13:27  Stalker  
  139  13:28  Stalker x4  
Show
View Real Time Build Order
Export as new Build Order

MMA Terran 

Build Orders: Reaper Expand, MMM Bio 

Get SALT Encoding   

  12  0:00  SCV  
  13  0:12  SCV  
  14  0:17  Supply Depot  
  14  0:24  SCV  
  15  0:39  SCV  
  15  0:41  Barracks  
  16  0:43  Refinery  
  16  0:51  SCV  
  17  1:03  SCV  
  18  1:15  SCV  
  19  1:27  Orbital Command  
  19  1:28  Reaper  
  20  1:42  Command Center  
  20  1:49  Supply Depot  
  20  1:53  SCV  
  21  2:00  Marine  
  22  2:06  Factory  
  22  2:08  SCV  
  23  2:15  Refinery  
  23  2:20  Barracks Reactor, SCV  
  24  2:32  SCV  
  25  2:44  SCV  
  25  2:51  Starport  
  26  2:55  Factory Tech Lab, Orbital Command  
  26  2:56  SCV  
  26  2:57  Marine  
  26  2:58  Marine  
  29  3:09  SCV  
  30  3:15  Marine x2  
  32  3:20  SCV  
  32  3:21  SCV  
  32  3:25  Supply Depot  
  34  3:32  SCV  
  34  3:33  SCV  
  36  3:34  Raven, Marine x2  
  36  3:35  Factory Tech Lab  
  36  3:38  Supply Depot  
  40  3:44  SCV  
  40  3:45  SCV  
  42  3:52  Marine x2  
  42  3:54  Command Center  
  44  3:58  SCV x2  
  46  4:03  Siege Tank  
  49  4:15  SCV x2  
  49  4:16  Marine x2  
  53  4:24  Refinery  
  53  4:25  Refinery  
  53  4:26  Engineering Bay  
  53  4:27  SCV x2  
  55  4:34  Marine x2  
  55  4:35  Supply Depot  
  57  4:43  Siege Tank, SCV  
  57  4:44  SCV  
  62  4:51  Starport Reactor  
  62  4:57  SCV x2  
  62  4:59  Barracks  
  63  5:02  Barracks  
  63  5:03  Terran Infantry Weapons Level 1  
  63  5:05  Stimpack, Marine  
  64  5:10  SCV x2  
  64  5:12  Orbital Command  
  66  5:22  SCV x2  
  66  5:23  Marine  
  66  5:26  Barracks  
  66  5:28  Barracks, Factory Reactor  
  69  5:37  SCV x2  
  69  5:41  Marine  
  69  5:42  Orbital Command  
  72  5:43  Medivac x2  
  72  5:49  Supply Depot, SCV  
  78  5:50  Missile Turret, SCV  
  78  5:55  Supply Depot  
  78  5:56  Barracks Tech Lab  
  78  5:57  Marine x2  
  78  5:59  Marauder  
  78  6:01  SCV  
  78  6:02  SCV  
  84  6:10  SCV  
  85  6:14  SCV  
  85  6:15  SCV  
  85  6:17  Marauder x2  
  85  6:18  Medivac x2  
  94  6:19  Marine  
  94  6:20  Marine  
  94  6:22  SCV  
  94  6:25  Supply Depot  
  97  6:26  Supply Depot  
  99  6:35  Factory Reactor  
  99  6:36  Combat Shields  
  99  6:37  Missile Turret  
  99  6:38  Starport  
  99  6:39  Marauder  
  99  6:40  Marauder  
  99  6:44  Supply Depot  
  103  6:47  Marauder  
  103  6:48  Marine x3  
  103  6:49  Marine  
  107  6:57  Viking  
  107  6:58  Terran Infantry Armor Level 1, Viking  
  111  7:05  Marauder x2  
  111  7:07  Marine x3  
  120  7:08  Marauder  
  112  7:20  Liberator, Marine  
  110  7:25  Marine x3  
  110  7:26  Marauder  
  110  7:27  Marauder  
  110  7:29  Marauder  
  119  7:34  Liberator, Viking x2  
  124  7:50  Marine  
  125  7:51  Marine x3  
  125  7:52  Marauder x2  
  125  7:53  Supply Depot  
  125  7:54  Supply Depot  
  137  8:05  Marauder  
  137  8:06  Viking  
  137  8:07  Marine  
  137  8:09  Marine  
  137  8:11  Refinery  
  137  8:12  Refinery  
  141  8:13  Armory  
  141  8:15  Marauder x2  
  141  8:16  Engineering Bay  
  141  8:18  SCV x3  
  148  8:30  SCV x3  
  151  8:40  Marauder, Marine x2  
  151  8:41  Marauder, Marine x2  
  141  8:44  SCV x2  
  141  8:47  SCV  
  141  8:56  Marauder  
  141  8:57  Viking  
  141  8:58  Marine x2  
  141  9:02  Marauder  
  149  9:05  Viking  
  149  9:06  Viking x2  
  153  9:10  Marauder, Terran Infantry Weapons Level 2, Terran Infantry Armor Level 2  
  155  9:18  Marauder  
  117  9:41  Marauder x2, Marine x2  
  117  9:42  Marine  
  110  9:46  Marauder  
  110  9:47  Marine  
  110  9:48  Missile Turret  
  106  9:59  Marine x2  
  91  10:00  Marine  
  91  10:02  Marine  
  91  10:06  Marauder, Marine  
  95  10:07  Marauder  
  79  10:17  Marine x2  
  79  10:18  Marine  
  79  10:20  Marauder  
  81  10:23  Medivac x3  
  81  10:24  Medivac  
  81  10:26  Missile Turret  
  81  10:27  SCV x3  
  81  10:28  Marauder x2  
  96  10:31  Missile Turret  
  96  10:32  Terran Ship Weapons Level 1  
  96  10:39  SCV x3  
  96  10:42  Liberator  
  99  10:44  Marauder  
  99  10:48  Marine x4  
  99  10:49  Marauder  
  107  10:51  SCV x3  
  107  10:53  Liberator x2  
  107  10:54  Liberator  
  110  10:58  Marine  
  110  11:03  SCV x2  
  110  11:05  Marine  
  115  11:16  Marine x2  
  115  11:17  Marine  
  118  11:22  SCV  
  118  11:23  SCV  
  113  11:28  Marauder x2  
  113  11:30  Marauder  
  113  11:31  Liberator  
  108  11:37  Marine x4  
  111  11:42  SCV x3  
  111  11:44  Concussive Shells  
  113  11:52  Marauder x3  
  122  12:00  Marine x2  
  122  12:01  Marine x2  
  126  12:04  Liberator x2  
  126  12:05  Liberator  
  120  12:13  Marine  
  115  12:17  Marauder x2  
  115  12:19  Marine x3  
  131  12:26  Marine  
  131  12:28  Supply Depot  
  132  12:31  Marauder  
  132  12:36  Orbital Command  
  112  12:37  Marine x2  
  112  12:38  Marauder x2  
  112  12:41  Marine  
  112  12:43  Marine  
  106  12:52  Marauder  
  106  12:55  Marine  
  112  12:59  Marauder  
  112  13:00  Marauder  
  119  13:10  SCV x2  
  119  13:11  SCV  
  109  13:14  Marauder  
Tags
 
Add a new tag
Caveats
  • Supply blocks, unpowered buildings, or Contaminate may cause inaccurate times.
  • Supply counts are checked every 10 seconds.